 Dungeon Crawl Stone Soup version 0.18.1-48-g4cf74bf (console) character file.

15693 Kloppie the Impaler (level 12, 0/115 HPs)
             Began as a Minotaur Berserker on June 26, 2016.
             Was an Elder of Trog.
             Slain by a wraith (5 damage)
             ... led by Josephine
             ... on level 12 of the Dungeon.
             The game lasted 00:18:01 (11990 turns).

Kloppie the Impaler (Minotaur Berserker)           Turns: 11990, Time: 00:18:02

Health: 0/115      AC: 16    Str: 27    XL:     12   Next: 3%
Magic:  11/11      EV: 12    Int:  4    God:    Trog [****..]
Gold:   557        SH:  0    Dex: 15    Spells: 0 memorised, 11 levels left

rFire  . . .     SeeInvis +     b - +1 halberd (freeze)
rCold  . . .     Gourm    .     M - +6 ring mail of Terror {+Inv Str+5}
rNeg   . . .     Faith    .     (shield currently unavailable)
rPois  .         Spirit   .     (helmet restricted)
rElec  .         Dismiss  .     C - +0 cloak
rCorr  .         Reflect  .     Q - +0 pair of gloves
SustAt +         Harm     .     (no boots)
MR     .....                    (no amulet)
Stlth  +.........               L - ring of sustain attributes
                                g - ring of see invisible

@: lethally poisoned (0 -> -1), slowed, very slow, not resistant to hostile
enchantments, very unstealthy
A: retaliatory headbutt, horns 2
a: Berserk, Trog's Hand, Brothers in Arms, Burn Spellbooks, Renounce Religion,
Evoke Invisibility


You were on level 12 of the Dungeon.
You worshipped Trog.
Trog was greatly pleased with you.
You were not hungry.

You visited 2 branches of the dungeon, and saw 13 of its levels.

You collected 557 gold pieces.

Inventory:

Hand Weapons
 a - a +0 trident of piercing
 b - a +1 halberd of freezing (weapon)
 v - a +1 trident
 K - a +0 halberd
Missiles
 s - 180 arrows
Armour
 C - a +0 cloak (worn)
 M - the +6 ring mail of Terror (worn) {+Inv Str+5}
   (You found it on level 10 of the Dungeon)

   It affects your strength (+5).
   It lets you turn invisible.
 Q - a +0 pair of gloves (worn)
Jewellery
 g - a ring of see invisible (left hand)
 L - a ring of sustain attributes (right hand)
Wands
 h - a wand of polymorph (24/24)
 r - a wand of acid (7/15)
 y - a wand of teleportation (3/9)
 F - a wand of digging (18/24)
 H - a wand of acid (5/15)
Scrolls
 e - a scroll of blinking
 m - 3 scrolls of noise
 t - 2 scrolls of recharging
 x - 9 scrolls of remove curse
 B - a scroll of immolation
 D - a scroll of vulnerability
 E - 3 scrolls of teleportation
 I - 3 scrolls of identify
Potions
 d - a potion of cure mutation
 f - a potion of magic
 l - a potion of heal wounds
 n - 3 potions of haste
 o - a potion of lignification
 q - 2 potions of mutation {unknown}
 u - a potion of cancellation {unknown}
 w - 3 potions of might
 z - 2 potions of agility {unknown}
 A - a potion of curing
 G - a potion of flight
 O - a potion of berserk rage {unknown}
 P - a potion of invisibility {unknown}
Comestibles
 c - 6 bread rations
 i - 2 slices of pizza
 j - 3 meat rations
 k - 4 beef jerkies
 p - 14 fruits
 N - 7 royal jellies


   Skills:
 - Level 13.0 Fighting
 + Level 15.3 Polearms
 + Level 11.9 Armour
 - Level 2.1 Dodging


You had 11 spell levels left.
You didn't know any spells.

Dungeon Overview and Level Annotations

Branches:
Dungeon (12/15)            Temple (1/1) D:5            Lair (0/8) D:11
    Orc (0/2) D:10

Altars:
Cheibriados
Dithmenos
Elyvilon
Fedhas
Gozag
Kikubaaqudgha
Nemelex Xobeh
Okawaru
Pakellas
Qazlal
Sif Muna
Vehumet
Xom
Zin
The Shining One
Beogh

Annotations:
D:9 Psyche
D:11 Josephine


Innate Abilities, Weirdness & Mutations

You reflexively headbutt those who attack you in melee.
You have a pair of horns on your head.


Message History

Found a stone staircase leading down.
An orc comes into view. It is wielding a whip.
You feel sick.
You feel sick.
You feel sick.
There is a stone staircase leading down here.
The wraith hits you!
* * * LOW HITPOINT WARNING * * *
The wraith drains your vigour!
You feel yourself slow down.
You climb downwards.
A hill giant comes into view. It is wielding a giant club.
You feel sick.
The hill giant shouts!
Found a potion of heal wounds.
There is a stone staircase leading up here.
You hit the wraith.
The wraith is moderately damaged.
You feel sick. The wraith misses you. The wraith closely misses you.
You fail to use your ability.
You feel sick. The wraith hits you.
You die...

... ##
..#
#.##..##
#......#
+......#
#..!...#
#..W...#
#..@C..#
#......#
#......#
#.######
##


You could see a hill giant and a wraith.

Vanquished Creatures
  The ghost of nobody the Warrior, a journeyman MiMo of Okawaru (D:11)
  Harold (D:11)
  2 hydras (D:11)
  An unseen horror (D:11)
  4 hill giants (D:10)
  Pikel (D:7)
  The ghost of Vincendra the Thaumaturge, a novice DEFE of Vehumet (D:8)
  A centaur skeleton (D:11)
  A boulder beetle (D:10)
  12 yaks
  Eustachio (D:4)
  2 wraiths (D:11)
  A hungry ghost (D:7)
  A hippogriff (D:10)
  A water moccasin (D:5)
  Duvessa (D:5)
  A hell hound (D:11)
  A sky beast (D:4)
  2 orc warriors
  A slave (D:7)
  2 black bears
  2 wasps (D:8)
  2 phantoms
  An eye of draining (D:10)
  4 ice beasts
  7 ogres
  6 centaurs
  2 big kobolds
  4 giant frogs
  A wyvern skeleton (D:9)
  3 scorpions
  Dowan (D:5)
  14 killer bees
  9 wights
  3 howler monkeys (D:4)
  4 crimson imps
  2 centaur zombies
  A giant frog zombie (D:8)
  9 hounds
  6 jellies
  A gnoll shaman (D:8)
  9 orc wizards
  2 giant frog skeletons (D:7)
  6 orc priests
  3 iguanas
  9 worker ants
  Natasha (twice) (D:4)
  A hound skeleton (D:9)
  Robin (D:3)
  A howler monkey skeleton (D:9)
  5 gnolls (D:8)
  10 adders
  3 shadow imps
  An adder zombie (D:5)
  2 adder skeletons
  2 dart slugs (D:4)
  6 worms
  3 giant geckos
  26 orcs
  A ball python (D:1)
  9 giant cockroaches
  15 goblins
  8 hobgoblins
  11 jackals
  15 kobolds
  3 quokkas
  5 bats
  2 giant gecko zombies (D:6)
  7 giant newts
  8 rats
297 creatures vanquished.

Vanquished Creatures (collateral kills)
  5 yaks (D:10)
5 creatures vanquished.

Vanquished Creatures (others)
  A slave (D:7)
  A giant newt (D:7)
2 creatures vanquished.

Grand Total: 304 creatures vanquished

Notes
Turn   | Place    | Note
--------------------------------------------------------------
     0 | D:1      | Kloppie the Minotaur Berserker began the quest for the Orb.
     0 | D:1      | Reached XP level 1. HP: 19/19 MP: 0/0
   107 | D:1      | Reached skill level 4 in Polearms
   114 | D:1      | Reached XP level 2. HP: 22/27 MP: 1/1
   759 | D:1      | Reached ** piety under Trog
   830 | D:2      | Reached XP level 3. HP: 22/33 MP: 2/2
   971 | D:2      | Reached skill level 5 in Polearms
  1215 | D:2      | Found an ancient bone altar of Kikubaaqudgha.
  1338 | D:2      | Reached XP level 4. HP: 41/41 MP: 3/3
  1876 | D:3      | Noticed Robin
  1892 | D:3      | Reached *** piety under Trog
  1906 | D:3      | Killed Robin
  2042 | D:3      | Reached skill level 5 in Fighting
  2042 | D:3      | Reached skill level 6 in Polearms
  2042 | D:3      | Reached XP level 5. HP: 23/48 MP: 4/4
  2235 | D:3      | Found a shadowy altar of Dithmenos.
  2720 | D:4      | Noticed a sky beast
  2745 | D:4      | Killed a sky beast
  2745 | D:4      | Reached skill level 7 in Polearms
  2745 | D:4      | Reached XP level 6. HP: 10/56 MP: 5/5
  3256 | D:3      | Reached skill level 8 in Polearms
  3402 | D:4      | Reached XP level 7. HP: 35/63 MP: 6/6
  3684 | D:4      | Noticed Eustachio
  3719 | D:4      | Killed Eustachio
  3719 | D:4      | Reached skill level 9 in Polearms
  3834 | D:4      | Noticed Natasha
  3837 | D:4      | Killed Natasha
  3933 | D:4      | Noticed Natasha
  3947 | D:4      | Killed Natasha
  4012 | D:4      | Reached XP level 8. HP: 61/73 MP: 7/7
  4187 | D:5      | Entered Level 5 of the Dungeon
  4188 | D:5      | Noticed Dowan
  4189 | D:5      | Found a staircase to the Ecumenical Temple.
  4190 | D:5      | Noticed Duvessa
  4216 | D:5      | Killed Dowan
  4216 | D:5      | Reached skill level 10 in Polearms
  4227 | D:5      | Killed Duvessa
  4227 | D:5      | Reached **** piety under Trog
  4253 | Temple   | Entered the Ecumenical Temple
  4868 | D:5      | Reached skill level 11 in Polearms
  5243 | D:6      | Found a glowing golden altar of the Shining One.
  5243 | D:6      | Found a deep blue altar of Sif Muna.
  5244 | D:6      | Found a shadowy altar of Dithmenos.
  5523 | D:6      | Found a radiant altar of Vehumet.
  5660 | D:7      | Noticed Pikel
  5684 | D:7      | Killed Pikel
  5684 | D:7      | Reached XP level 9. HP: 82/82 MP: 8/8
  5690 | D:7      | Reached skill level 12 in Polearms
  5843 | D:7      | Found a glowing silver altar of Zin.
  5844 | D:7      | Found an opulent altar of Gozag.
  6305 | D:8      | Noticed Vincendra's ghost (novice DEFE)
  6313 | D:8      | Killed Vincendra's ghost
  6313 | D:8      | Reached skill level 10 in Fighting
  7127 | D:8      | Reached skill level 5 in Armour
  7396 | D:8      | Reached XP level 10. HP: 84/94 MP: 9/9
  7548 | D:8      | Reached skill level 13 in Polearms
  8175 | D:9      | Found a shimmering altar of Xom.
  8205 | D:9      | Reached ***** piety under Trog
  8430 | D:9      | Found a snail-covered altar of Cheibriados.
  8536 | D:9      | Reached skill level 14 in Polearms
  8602 | D:9      | Noticed Psyche
  8832 | D:10     | Entered Level 10 of the Dungeon
  8857 | D:10     | Noticed a hill giant
  8882 | D:10     | Killed a hill giant
  8903 | D:10     | Got a bloodstained ring mail
  9035 | D:10     | Identified the +6 ring mail of Terror {+Inv Str+5} (You found it on level 10 of the Dungeon)
  9133 | D:10     | Noticed a hill giant
  9151 | D:10     | Killed a hill giant
  9164 | D:10     | Noticed a hill giant
  9174 | D:10     | Killed a hill giant
  9174 | D:10     | Reached XP level 11. HP: 42/103 MP: 10/10
  9579 | D:10     | Noticed a hill giant
  9592 | D:10     | Killed a hill giant
 10313 | D:10     | Found a staircase to the Orcish Mines.
 10324 | D:10     | Found a roughly hewn altar of Beogh.
 10646 | D:10     | Reached skill level 10 in Armour
 10837 | D:11     | Noticed an unseen horror
 10841 | D:11     | Killed an unseen horror
 11434 | D:11     | Noticed a five-headed hydra
 11446 | D:11     | Killed a five-headed hydra
 11490 | D:11     | Noticed nobody's ghost (journeyman MiMo)
 11512 | D:11     | Killed nobody's ghost
 11774 | D:11     | Found a staircase to the Lair.
 11782 | D:11     | Noticed a seven-headed hydra
 11802 | D:11     | Killed a seven-headed hydra
 11802 | D:11     | Reached skill level 15 in Polearms
 11950 | D:11     | Noticed Harold
 11968 | D:11     | Killed Harold
 11968 | D:11     | Reached XP level 12. HP: 52/115 MP: 11/11
 11978 | D:11     | Noticed Josephine
 11989 | D:12     | HP: 5/115 [poisoned by Harold]
 11990 | D:12     | Slain by a wraith

Skill      XL: |  1  2  3  4  5  6  7  8  9 10 11 |
---------------+----------------------------------+-----
Polearms       | 4 5 6 7 8 9 11 12 14 15 | 15.3
Fighting       | 4 5 6 7 8 10 11 13 | 13.0
Armour         | 5 8 11 | 11.9
Dodging        | |  2.1

Action                   |  1- 3 |  4- 6 |  7- 9 | 10-12 || total
-------------------------+-------+-------+-------+-------++-------
Melee: Spear             |    81 |   193 |   402 |       ||   676
       Headbutt          |    12 |    36 |    79 |    92 ||   219
       Unarmed           |       |       |     7 |       ||     7
       Trident           |       |       |    44 |   400 ||   444
       Halberd           |       |       |       |    66 ||    66
Invok: Berserk           |       |     3 |     3 |     7 ||    13
       Trog's Hand       |       |     2 |     4 |    10 ||    16
       Brothers in Arms  |       |       |       |     2 ||     2
  Use: Potion            |       |     3 |       |     1 ||     4
       Scroll            |       |       |    11 |     6 ||    17
 Stab: Confused          |       |       |     3 |       ||     3
  Eat: Chunk             |     1 |    10 |    12 |    19 ||    42
       Meat ration       |       |       |     1 |       ||     1
       Royal jelly       |       |       |       |     2 ||     2
Armor: Animal skin       |     5 |       |       |       ||     5
       Ring mail         |     3 |    43 |    22 |    75 ||   143
       Leather armour    |       |       |    18 |       ||    18
       Skin              |       |       |     1 |       ||     1
       Chain mail        |       |       |    32 |    64 ||    96
Dodge: Dodged            |    42 |    71 |   108 |   134 ||   355
